 Dungeon Crawl Stone Soup version 0.17.0-28-g6e173f8 (webtiles) character file.

249 timbw the Insei (level 6, -1/42 HPs)
             Began as an Octopode Monk on Nov 28, 2015.
             Slain by an orc (5 damage)
             ... on level 5 of the Dungeon.
             The game lasted 00:05:44 (1145 turns).

timbw the Insei (Octopode Monk)                     Turns: 1145, Time: 00:05:44

Health: -1/42      AC:  1    Str: 10    XL:     6   Next: 12%
Magic:  15/15      EV: 13    Int: 13    God:
Gold:   120        SH:  0    Dex: 16    Spells: 0 memorised, 5 levels left

rFire  . . .     SeeInvis .       - Unarmed
rCold  + . .     Clarity  +     (no shield)
rNeg   . . .     SustAt   .     (helmet restricted)
rPois  .         Gourm    .     h - amulet of clarity
rElec  .         Spirit   .     c - ring of protection from cold
rCorr  .         Warding  .     p - ring of magical power
rMut   .         Stasis   .     (no ring)
MR     .....                    (no ring)
Stlth  +++.......               (no ring)
                                (no ring)
                                (no ring)
                                (no ring)

@: not resistant to hostile enchantments, fairly stealthy
A: almost no armour, amphibious, 8 rings, constrict 8, camouflage 1, gelatinous
body 1
a: no special abilities


You were on level 5 of the Dungeon.
You were hungry.

You visited 1 branch of the dungeon, and saw 6 of its levels.

You collected 120 gold pieces.

Inventory:

Missiles
 d - 18 poisoned needles
 i - 10 tomahawks (quivered)
Jewellery
 c - a ring of protection from cold (left tentacle)
 h - an amulet of clarity (around mantle)
 p - a ring of magical power (right tentacle)
Wands
 l - a wand of fire (7)
Scrolls
 e - a scroll of remove curse
 n - 2 scrolls of identify
 q - a scroll of noise
Potions
 b - a potion of curing
 j - a potion of brilliance {unknown}
 k - 2 potions of agility {unknown}
 m - a potion of cancellation
 r - 2 potions of flight {unknown}
Books
 o - a book of Envenomations

   Spells                             Type                      Level
   a - Spider Form                    Transmutation/Poison         3
   b - Alistair's Intoxication        Transmutation/Poison         4
   c - Olgreb's Toxic Radiance        Poison                       4
   d - Poisonous Cloud                Conjuration/Poison/Air       6
Comestibles
 a - 3 bread rations
 f - 3 chunks of flesh
 g - 2 beef jerkies


   Skills:
 + Level 3.2 Fighting
 + Level 3.2 Dodging
 - Level 2.6 Stealth
 * Level 7.0 Unarmed Combat


You had 5 spell levels left.
You didn't know any spells.

Dungeon Overview and Level Annotations

Branches:
Dungeon (6/15)
 Temple: D:4-7

Altars:
Okawaru

Shops:
D:4 (   D:6 (

Annotations:
D:6 Dowan, Duvessa


Innate Abilities, Weirdness & Mutations

You cannot wear most types of armour.
You are amphibious.
You can wear up to eight rings at the same time.
You can use your tentacles to constrict eight enemies at once.
Your skin changes colour to match your surroundings (Stealth).
Your rubbery body absorbs attacks (AC +1).


Message History

As you read the scroll labeled FIP IG UBOICW, it crumbles to dust.
You feel blessed for a moment.
It was a scroll of remove curse.
You are feeling hungry.
Read which item? (? for menu, Esc to quit)
As you read the scroll labeled XOXKUA DURU, it crumbles to dust.
It is a scroll of identify.
Identify which item? (\ to view known items) (? for menu, Esc to quit)
q - a scroll of noise The orc misses you.
The orc hits you but does no damage.
The orc wizard gestures at you while chanting.
The puff of flame hits you!
* * * LOW HITPOINT WARNING * * *
The jelly closely misses you.
Found 19 gold pieces.
The orc wizard casts a spell.
The orc wizard seems to speed up.
The orc barely misses you.
Drink which item? (? for menu, Esc to quit)
It was a potion of cancellation.
You feel magically purged. The orc hits you.
You die...

..o.###....#.g....###
o.### ##....#.o.###
g.# #.......## g##
##.....## .# ##...o#
..# #...oJ## ...#
#.#####.## ###.# #.
##o## ## # ##@# ###


You could see a jelly, an orc wizard and 2 orcs.

Vanquished Creatures
  A giant frog (D:6)
  2 giant frog skeletons (D:4)
  A hound (D:4)
  An orc priest (D:4)
  A worker ant (D:4)
  3 worms (D:3)
  2 orcs (D:4)
  A ball python (D:5)
  3 bats
  4 hobgoblins
  4 jackals (D:5)
  2 quokkas (D:3)
  3 giant geckos
  A giant gecko skeleton (D:6)
  A giant newt (D:4)
  A quokka skeleton (D:4)
  4 rats
35 creatures vanquished.

Notes
Turn   | Place    | Note
--------------------------------------------------------------
     0 | D:1      | timbw the Octopode Monk began the quest for the Orb.
     0 | D:1      | Reached XP level 1. HP: 16/16 MP: 1/1
   118 | D:1      | Reached XP level 2. HP: 17/21 MP: 2/2
   240 | D:2      | Found a faded altar to an unknown god.
   427 | D:3      | Reached XP level 3. HP: 26/26 MP: 3/3
   520 | D:4      | Reached skill level 5 in Unarmed Combat
   536 | D:5      | Entered Level 5 of the Dungeon
   536 | D:5      | Noticed a centaur
   595 | D:4      | Found Ynipur's Weapon Emporium.
   607 | D:4      | Reached XP level 4. HP: 10/31 MP: 4/4
   760 | D:4      | Reached skill level 6 in Unarmed Combat
   760 | D:4      | Reached XP level 5. HP: 19/36 MP: 5/5
   984 | D:6      | Reached skill level 7 in Unarmed Combat
   984 | D:6      | Reached XP level 6. HP: 15/42 MP: 6/6
   997 | D:6      | Found Wizxoliph's Antique Weapon Shop.
  1005 | D:6      | Noticed Dowan
  1008 | D:6      | Noticed Duvessa
  1028 | D:5      | Found an iron altar of Okawaru.
  1124 | D:5      | HP: 1/42 [orc wizard/puff of flame (10)]
  1145 | D:5      | Slain by an orc

Action                   |  1- 3 |  4- 6 || total
-------------------------+-------+-------++-------
Melee: Unarmed           |    52 |    38 ||    90
Throw: Tomahawk          |     2 |       ||     2
  Use: Potion            |       |     3 ||     3
       Scroll            |       |     2 ||     2
 Stab: Sleeping          |     5 |     5 ||    10
  Eat: Chunk             |       |     1 ||     1
